 Dungeon Crawl Stone Soup version 0.23-a0-451-g1044d4cbad (webtiles) character file.

109 Multipenetrator the Digger (level 4, 0/36 HPs)
             Began as a Deep Elf Earth Elementalist on Nov 23, 2018.
             Slain by an orc
             ... wielding a +0 short sword
              (2 damage)
             ... on level 2 of the Dungeon.
             The game lasted 00:23:49 (2291 turns).

Multipenetrator the Digger (DEEE)                   Turns: 2291, Time: 00:23:50

Health: 0/36       AC:  2    Str: 10    XL:     4   Next: 59%
Magic:  2/12       EV: 13    Int: 21    God:
Gold:   34         SH:  0    Dex: 15    Spells: 8/12 levels left

rFire    . . .     SeeInvis .   p - +1 short sword (holy)
rCold    . . .     Gourm    .   (no shield)
rNeg     . . .     Faith    .   c - +0 robe
rPois    .         Spirit   .   (no helmet)
rElec    .         Reflect  .   (no cloak)
rCorr    .         Harm     .   (no gloves)
MR       .....                  (no boots)
Stlth    ..........             q - amulet of rage
HPRegen  0.12/turn              (no ring)
MPRegen  0.13/turn              (no ring)

@: berserking, very quick
A: no striking features
a: Evoke Berserk Rage


You were on level 2 of the Dungeon.
You were very hungry.

You visited 1 branch of the dungeon, and saw 3 of its levels.

You collected 34 gold pieces.

Inventory:

Hand Weapons
 a - a +0 dagger
 p - a +1 short sword of holy wrath (weapon)
Missiles
 b - 111 stones (quivered)
Armour
 c - a +0 robe (worn)
Jewellery
 q - an amulet of rage (around neck)
Scrolls
 g - a scroll of noise {unknown}
 j - a scroll of teleportation {unknown}
 l - a scroll of immolation {unknown}
 m - a scroll of enchant armour {unknown}
 n - a scroll of amnesia {unknown}
 r - a scroll of identify {unknown}
Potions
 e - 2 potions of curing {unknown}
 f - a potion of invisibility {unknown}
 h - a potion of heal wounds
 k - a potion of haste {unknown}
 o - a potion of berserk rage {unknown}
 s - 2 potions of cancellation {unknown}
Comestibles
 d - 2 rations
 t - 2 chunks of flesh


   Skills:
 - Level 2.4 Dodging
 - Level 2.4 Stealth
 * Level 4.8 Spellcasting
 + Level 0.8 Conjurations
   Level 1.1 Transmutations
 + Level 4.9 Earth Magic


You had 8 spell levels left.
You knew the following spells:

 Your Spells              Type           Power        Failure   Level  Hunger
a - Sandblast             Erth           ####..       1%          1    None
b - Stone Arrow           Conj/Erth      ###...       10%         3    ##.....

Your spell library contained the following spells:

 Spells                   Type           Power        Failure   Level  Hunger
 Passwall                 Tmut/Erth      ###.....     4%          2    None
 Petrify                  Tmut/Erth      ###.....     32%         4    ####...
 Lee's Rapid Deconstruct  Erth           ####......   38%         5    #####..


Dungeon Overview and Level Annotations

Branches:
Dungeon (3/15)

Altars:
Xom


Message History

The orc priest invokes the aid of Beogh against you.
Beogh smites you!
* * * LOW HITPOINT WARNING * * *
You closely miss the orc priest. The orc hits you with a +0 short sword.
* * * LOW HITPOINT WARNING * * *
The orc priest barely misses you.
You puncture the orc priest!
The orc priest is severely wounded.
The orc misses you.
The orc priest hits you but does no damage.
You puncture the orc priest!
You kill the orc priest!
The orc hits you but does no damage.
You barely miss the orc. The orc hits you with a +0 short sword.
* * * LOW HITPOINT WARNING * * *
You closely miss the orc. You closely miss the orc.
The orc hits you with a +0 short sword.
* * * LOW HITPOINT WARNING * * *
You closely miss the orc. The orc hits you with a +0 short sword.
You die...

#..........#..#.#.....#
#..........#..........#
#..........>.#..#######
###..........####.#
.########...)# #.# .#
#####...### #.# .#
#.....#.######.# ####
.###.#####.#...)..#
#..# ..##.# #......e.#
##>.## #.##.#
#.......o####....#
#....#
##.#...........##.#
#..###
#..##.####.######.#
#..# #.###.####.# #.##
#### #.###......# #..#
######........### ##.#
# ##......######..#####
#.# ###..###.##
##.@.[.# #.#


You could see an orc.

Vanquished Creatures
  An orc priest (D:2)
  Terence (D:2)
  An adder (D:2)
  2 oozes
  A dart slug (D:1)
  A leopard gecko (D:2)
  An orc (D:3)
  A giant cockroach (D:2)
  5 goblins
  5 hobgoblins
  3 kobolds
  7 bats
  3 frilled lizards
  6 rats
38 creatures vanquished.

Notes
Turn   | Place    | Note
-------+----------+-------------------------------------------
     0 | D:1      | Multipenetrator the Deep Elf Earth Elementalist began the
                  | quest for the Orb.
     0 | D:1      | Reached XP level 1. HP: 10/10 MP: 6/6
   121 | D:1      | Reached XP level 2. HP: 14/15 MP: 6/8
   770 | D:2      | Noticed Terence
   838 | D:2      | Reached XP level 3. HP: 19/19 MP: 5/9
   844 | D:2      | Learned a level 3 spell: Stone Arrow
  1764 | D:2      | Killed Terence
  1764 | D:2      | Reached XP level 4. HP: 24/24 MP: 0/12
  1892 | D:2      | Found a shimmering altar of Xom.
  2291 | D:2      | Slain by an orc

Vault maps used:
D:1:      psy_arrival_fountain
D:2:      nicolae_overflow_crystal_walls, serial_glass, glass_columns_a,
          glass_columns_b, uniq_terence
D:3:      lightli_temple_of_fire, fedhas_altar_3

Skill      XL: |  1  2  3 |
---------------+----------+-----
Earth Magic    | 4 |  4.9
Spellcasting   | 4 |  4.8
Dodging        | |  2.4
Stealth        | |  2.4
Conjurations   | |  0.8
Transmutations | |  1.1

Action                   |  1- 3 |  4- 6 || total
-------------------------+-------+-------++-------
Melee: Dagger            |    44 |       ||    44
       Short sword       |       |     7 ||     7
 Cast: Sandblast         |    35 |     5 ||    40
       Stone Arrow       |    12 |     5 ||    17
 Abil: Evoke Berserk Rag |       |     1 ||     1
  Use: Scroll            |       |     1 ||     1
       Potion            |       |     1 ||     1
 Stab: Sleeping          |     1 |       ||     1
  Eat: Ration            |     1 |       ||     1
       Chunk             |       |     2 ||     2
Armor: Robe              |    23 |     1 ||    24
Dodge: Dodged            |    61 |     8 ||    69

Table legend:
 A = Non-vault XP
 B = Vault XP
 C = Vault XP percentage of total XP
 D = Non-vault monster count
 E = Vault monster count
 F = Vault count percentage of total count
                 A         B        C        D         E       F
            +---------+---------+-------+---------+---------+-------
      Total |     120 |      36 |  23.1 |      37 |       1 |   2.6
            +---------+---------+-------+---------+---------+-------
        D:1 |      34 |       0 |   0.0 |      19 |       0 |   0.0
        D:2 |      80 |      36 |  31.0 |      15 |       1 |   6.2
        D:3 |       6 |       0 |   0.0 |       3 |       0 |   0.0
            +---------+---------+-------+---------+---------+-------
